 Dungeon Crawl Stone Soup version 0.29.0-11-gd7f09526c8 (webtiles) character file.

Game seed: 7592735402912102013

1348 concernfroge the Chopper (level 8, -9/58 HPs)
             Began as a Mummy Monk on Sept 3, 2022.
             Mangled by a two-headed ogre
             ... wielding a +0 giant spiked club
              (15 damage)
             ... on level 6 of the Dungeon.
             The game lasted 00:13:00 (5293 turns).

concernfroge the Chopper (Mummy Monk)               Turns: 5293, Time: 00:13:02

Health: -9/58      AC:  6    Str: 14    XL:     8   Next: 36%
Magic:  8/8        EV: 13    Int:  6    God:
Gold:   390        SH:  7    Dex: 17    Spells: 7/7 levels left

rFire   x . .      SeeInvis .   a - +7 war axe "Fem Cud" {pain, rElec Will+ Int-3}
rCold   + . .      Faith    +   e - +0 kite shield
rNeg    + + +      Spirit   .   l - +0 ring mail
rPois   ∞          Reflect  .   q - +0 helmet
rElec   +          Harm     .   (no cloak)
rCorr   .          Rampage  .   (no gloves)
Will    ++...                   (no boots)
Stlth   +.........              i - amulet of faith
HPRegen 0.19/turn               g - +4 ring of evasion
MPRegen 0.11/turn               (no ring)

@: no status effects
A: cold resistance 1, negative energy resistance 3, torment resistance 2, heat
vulnerability 1, in touch with death 1, no potions
a: no special abilities


You were on level 6 of the Dungeon.
You visited 1 branch of the dungeon, and saw 6 of its levels.

You collected 390 gold pieces.

Inventory:

Hand Weapons
 a - the +7 war axe "Fem Cud" (weapon) {pain, rElec Will+ Int-3}
   (You found it on level 5 of the Dungeon)

   In the hands of one skilled in necromantic magic, it inflicts extra damage on
   living creatures.
   Int:       It affects your intelligence (-3).
   rElec:     It insulates you from electricity.
   Will:      It increases your willpower.
 b - the +7 short sword of the Philosopher {spect, rC+}
   (You found it on level 2 of the Dungeon)

   When its wielder attacks, the weapon's spirit leaps out and strikes again.
   The spirit shares a part of any damage it takes with its wielder.
   rC:        It protects you from cold.
Missiles
 h - 4 boomerangs (quivered)
 n - 4 poisoned darts
Armour
 e - a +0 kite shield (worn)
 l - a +0 ring mail (worn)
 q - a +0 helmet (worn)
Jewellery
 g - a +4 ring of evasion (left hand)
 i - an amulet of faith (around neck)
Wands
 p - a wand of acid (8)
Scrolls
 c - 3 scrolls of immolation
 d - 4 scrolls of identify
 f - 3 scrolls of teleportation
 j - 2 scrolls of blinking
 k - a scroll of fear
 m - a scroll of magic mapping
 r - 3 scrolls of noise {unknown}


   Skills:
 - Level 3.0 Fighting
 - Level 5.5 Short Blades
 + Level 6.3(6.5) Axes
 - Level 2.4(4.7) Polearms
 - Level 2.4 Dodging
 - Level 1.5 Stealth


You had 7 spell levels left.
You didn't know any spells.
Your spell library contained the following spells:

 Spells                   Type           Power      Damage    Failure   Level
 Freeze                   Ice            0%         1d3       98%         1
 Frozen Ramparts          Ice            0%         1d1       100%        3
 Ignite Poison            Fire/Tmut/Pois 0%         N/A       100%        3
 Mephitic Cloud           Conj/Pois/Air  0%         N/A       100%        3
 Hailstorm                Conj/Ice       0%         3d3       100%        4
 Freezing Cloud           Conj/Ice/Air   0%         6-21      100%        5


Dungeon Overview and Level Annotations

Branches:
Dungeon (6/15)
 Temple: D:4-7

Altars:
Ashenzari
Cheibriados
Dithmenos
Fedhas
Gozag
Kikubaaqudgha
Qazlal
Sif Muna
Vehumet
Wu Jian
Yredelemnul

Shops:
D:1 [

Annotations:
D:3 exclusion: downstairs
D:5 exclusion: downstairs
D:6 Blork the orc


Innate Abilities, Weirdness & Mutations

You are immune to poison.
Your flesh is cold resistant. (rC+)
You are immune to negative energy. (rN+++)
You are immune to unholy pain and torment.
You are vulnerable to heat. (rF-)
You are in touch with the powers of death.
You do not drink.


Message History

The bolt of acid hits something.
The bolt of acid hits the two-headed ogre!
The two-headed ogre is moderately wounded.
Something hits you.
Throw: dart (curare)
Press: ? - help, Q - select action, (/) - cycle Shift-Dir - straight line, f/p - two-headed ogre
Aim: a two-headed ogre, wielding a +0 giant spiked club and a +0 dire flail (moderately wounded, 75% to hit)
You throw a curare-tipped dart.
The curare-tipped dart barely misses the two-headed ogre.
Something hits you.
Aiming: Corrosive Bolt
Press: ? - help, Shift-Dir - straight line, f/p - two-headed ogre
Aim: a two-headed ogre, wielding a +0 giant spiked club and a +0 dire flail (moderately wounded, 86% to hit)
The bolt of acid hits the two-headed ogre!
The acid corrodes the two-headed ogre!
The two-headed ogre is moderately wounded.
You block something's attack.
Aiming: Corrosive Bolt
Press: ? - help, Shift-Dir - straight line, f/p - two-headed ogre
Aim: a two-headed ogre, wielding a +0 giant spiked club and a +0 dire flail (moderately wounded, covered in acid, 86% to hit)
The bolt of acid hits the two-headed ogre!
The two-headed ogre seems to be corroded for longer.
The two-headed ogre is heavily wounded.
Something hits you.
You slash the two-headed ogre!
The two-headed ogre is almost dead.
You slash something! Something hits you!
You block the two-headed ogre's attack. The two-headed ogre misses you.
Something hits you.
You slash the two-headed ogre!
The two-headed ogre is almost dead.
You hit something. Something hits you. The two-headed ogre barely misses you.
You block the two-headed ogre's attack.
You barely miss the two-headed ogre.
The two-headed ogre is almost dead.
You hit something. Something hits you. x2
The two-headed ogre hits you with a +0 giant spiked club!
* * * LOW HITPOINT WARNING * * *
The two-headed ogre hits you with a +0 dire flail!
You die...

# #!) $$# # #....
#.########.# ##..#
#..8#..#8..# #..#
#..'..'..# #.#.
####.8########### #..#.
#(#####.........#..#.
#..................#.
##.O............#..#.
##.@...........##..#
##...............##..
##................###.
#.................##..
#..#...............##..
#..##...............##.#
#.# #................#.#
.# ##..............#..#
##...........###.##


You could see a two-headed ogre (corroded).

Vanquished Creatures
  A wyvern (D:6)
  A black bear (D:5)
  An ogre (D:6)
  An ice beast (D:6)
  A kobold brigand (D:6)
  A phantom (D:6)
  A necrophage (D:5)
  3 scorpions
  2 howler monkeys (D:6)
  2 jellies (D:6)
  A hound (D:5)
  Jessica (D:3)
  2 iguanas (D:5)
  3 orc wizards (D:6)
  3 gnolls (D:5)
  12 adders
  A shadow imp (D:6)
  An ufetubus (D:6)
  A worm (D:3)
  A dart slug (D:3)
  13 orcs
  12 ball pythons
  4 bats
  7 endoplasms
  4 giant cockroaches
  4 goblins
  A hobgoblin (D:1)
  3 jackals (D:4)
  6 quokkas
  4 frilled lizards
  7 kobolds
  3 rats
108 creatures vanquished.

Notes
Turn   | Place    | Note
-------+----------+-------------------------------------------
     0 | D:1      | concernfroge the Mummy Monk began the quest for the Orb.
     0 | D:1      | Reached XP level 1. HP: 18/18 MP: 1/1
    85 | D:1      | You fall into a shaft and drop 1 floor!
   164 | D:2      | Identified the +7 short sword of the Philosopher {spect,
                  | rC+}
   192 | D:1      | Reached skill level 1 in Short Blades
   262 | D:1      | Found Hainomij's Antique Armour Shoppe.
   274 | D:1      | Reached XP level 2. HP: 24/24 MP: 2/2
  1003 | D:2      | Found a faded altar of an unknown god.
  1067 | D:2      | Gained mutation: You are in touch with the powers of death.
                  | [Mummy growth]
  1067 | D:2      | Reached XP level 3. HP: 29/29 MP: 3/3
  1440 | D:3      | Found a blossoming altar of Fedhas.
  2188 | D:3      | Noticed Jessica
  2194 | D:3      | Killed Jessica
  2195 | D:3      | Reached XP level 4. HP: 24/35 MP: 4/4
  2578 | D:3      | Reached XP level 5. HP: 40/41 MP: 5/5
  3229 | D:4      | Noticed an orc warrior
  3470 | D:5      | Entered Level 5 of the Dungeon
  3477 | D:5      | Reached XP level 6. HP: 47/47 MP: 6/6
  3548 | D:5      | Found a broken altar of Ashenzari.
  3555 | D:5      | Found a basalt altar of Yredelemnul.
  3574 | D:5      | Reached skill level 5 in Short Blades
  3600 | D:5      | Identified the +7 war axe "Fem Cud" {pain, rElec Will+
                  | Int-3}
  3627 | D:5      | Found an opulent altar of Gozag.
  3690 | D:5      | Reached skill level 1 in Axes
  4007 | D:5      | Reached skill level 2 in Axes
  4123 | D:5      | Reached XP level 7. HP: 33/52 MP: 7/7
  4507 | D:5      | Found an ornate altar of the Wu Jian Council.
  4507 | D:5      | Found a radiant altar of Vehumet.
  4508 | D:5      | Found a snail-covered altar of Cheibriados.
  4509 | D:5      | Found an ancient bone altar of Kikubaaqudgha.
  4510 | D:5      | Found a shimmering blue altar of Sif Muna.
  4511 | D:5      | Found a shadowy altar of Dithmenos.
  4512 | D:5      | Found a stormy altar of Qazlal.
  4610 | D:6      | Noticed Blork the orc
  4621 | D:5      | Reached skill level 3 in Axes
  4834 | D:6      | Found a shimmering blue altar of Sif Muna.
  4840 | D:6      | Reached skill level 4 in Axes
  4963 | D:6      | Reached skill level 5 in Axes
  4963 | D:6      | Reached XP level 8. HP: 57/58 MP: 8/8
  5140 | D:6      | Reached skill level 6 in Axes
  5260 | D:6      | Noticed a two-headed ogre
  5293 | D:6      | Mangled by a two-headed ogre

Illustrated notes

Levels and vault maps discovered:
D:1:      scummos_arrival_star, layout_basic, serial_shops, shop,
          minmay_pentomino_v4
D:2:      layout_loops_ring, ebering_ecumenical_altar_abandoned
D:3:      layout_loops_corners, mainiacjoe_overflow_paths, roderic_lattice_a,
          minmay_snake_closets, uniq_jessica
D:4:      kennysheep_spiral_hall, layout_loops_ring,
          nicolae_shop_i_like_big_books, grunt_decor_clamped
D:5:      layout_basic, minitemple, nicolae_gozag_seed_capital,
          kennysheep_generic_room_6
D:6:      minmay_chambers_of_sixes, layout_cave_pods, hangedman_feature_mirror,
          uniq_blork_the_orc

Skill      XL: |  1  2  3  4  5  6  7  8 |
---------------+-------------------------+-----
Short Blades   | 1 2 3 4 5 |  5.5
Axes           | 2 5 6 |  6.3
Fighting       | |  3.0
Polearms       | |  2.4
Dodging        | |  2.4
Stealth        | |  1.5

Action                   |  1- 3 |  4- 6 |  7- 9 || total
-------------------------+-------+-------+-------++-------
Melee: Short sword       |    47 |    77 |       ||   124
       Spear             |     3 |       |       ||     3
       Punch             |     1 |       |       ||     1
       War axe           |       |    23 |    74 ||    97
Throw: Boomerang         |     5 |    20 |     1 ||    26
       Dart              |       |       |     5 ||     5
Evoke: Wand              |       |       |     5 ||     5
  Use: Scroll            |       |     5 |       ||     5
 Stab: Sleeping          |     3 |     5 |       ||     8
Armor: Leather armour    |     7 |     4 |       ||    11
       Ring mail         |       |    17 |    20 ||    37
Dodge: Dodged            |    14 |    62 |    46 ||   122
Block: Kite shield       |       |    10 |    37 ||    47
